Match 45438322
Unlisted

Match 45438322
End
Kradschützen Motorcycle Team
Selects Panzerjäger Kommand Battlegroup
Selects Panzerjäger Kommand Battlegroup
Selects Mine Fields
Panzerpioneer Squad
Panzergrenadier Squad
Construct Light Support Kompanie
Panzerjäger Squad
Fire Support Elements
Flakvierling Half-track
MG34 Team
Selects Tank Busters
Panzerjäger Mechanized Group
Combat Half-tracks
Pak 38 Anti-tank Gun Team
Construct Panzerarmee Kommand
Emergency Repair Kits
Flakvierling Half-track
Frosty
Tiger One
BlackHorstDown
BLOODY PARTY
S1L
Stas
Deff6777
Jimmy
0
0

Comments sign in to comment!

No comments posted yet!